 Dungeon Crawl Stone Soup version 0.23-a0-819-g6debee6 (webtiles) character file.

117 silenth the Skirmisher (level 5, -7/43 HPs)
             Began as a Barachi Fighter on Jan 21, 2019.
             Was a Believer of Cheibriados.
             Splashed by Ijyb's acid (14 damage)
             ... on level 3 of the Dungeon.
             The game lasted 00:03:17 (1785 turns).

silenth the Skirmisher (Barachi Fighter)            Turns: 1785, Time: 00:03:17

Health: -7/43      AC:  6    Str: 22    XL:     5   Next: 1%
Magic:  5/5        EV:  7    Int: 12    God:    Cheibriados [**....]
Gold:   81         SH: 10    Dex: 16    Spells: 4/4 levels left

rFire    . . .     SeeInvis .   a - +0 long sword
rCold    . . .     Gourm    .   c - +0 shield
rNeg     . . .     Faith    .   o - +0 scale mail
rPois    .         Spirit   .   (no helmet)
rElec    .         Reflect  .   (no cloak)
rCorr    .         Harm     .   (no gloves)
MR       .....                  (no boots)
Stlth    +.........             (no amulet)
HPRegen  0.14/turn              (no ring)
MPRegen  0.09/turn              (no ring)

@: can't hop, very slow
A: +LOS, swims, slowness 1, strong legs 1
a: Hop, Bend Time, Renounce Religion


You were on level 3 of the Dungeon.
You worshipped Cheibriados.
Cheibriados was pleased with you.
You were not hungry.

You visited 1 branch of the dungeon, and saw 3 of its levels.

You collected 81 gold pieces.

Inventory:

Hand Weapons
 a - a +0 long sword (weapon)
 b - a +1 hunting sling of flaming
Missiles
 q - 61 stones (quivered)
Armour
 c - a +0 shield (worn)
 o - a +0 scale mail (worn)
Scrolls
 f - 4 scrolls of remove curse {unknown}
 i - 3 scrolls of identify {unknown}
 j - 5 scrolls of teleportation {unknown}
 k - 2 scrolls of enchant armour {unknown}
 l - a scroll of fear {unknown}
 m - a scroll of amnesia {unknown}
 n - a scroll of blinking {unknown}
Potions
 d - a potion of might
 g - a potion of degeneration {unknown}
 h - 4 potions of curing {unknown}
 p - a potion of mutation {unknown}
Comestibles
 e - 3 rations


   Skills:
 + Level 4.5 Fighting
 * Level 4.4 Long Blades
 - Level 3.6 Armour
 + Level 1.9 Stealth
 - Level 3.2 Shields
 + Level 0.6 Invocations


You had 4 spell levels left.
You didn't know any spells.
Your spell library was empty.

Dungeon Overview and Level Annotations

Branches:
Dungeon (3/15)

Altars:
Cheibriados
Makhleb

Annotations:
D:3 Ijyb


Innate Abilities, Weirdness & Mutations

Shadows flee at your approach. (+LOS)
You can swim through water.
You cover ground slowly.
You can hop short distances.


Message History

No target in view!
No target in view!
There is an open door here.
Ijyb the Twisted Goblin comes into view.
She is carrying a wand of acid (7).
Ijyb is nearby!
There is an open door here.
Hop to where?
Press: ? - help, Dir - move target cursor, f - Ijyb
Aim: Ijyb, wearing a +0 chain mail and carrying a wand of acid (7)
You can't hop onto Ijyb!
Hop to where?
Press: ? - help, Dir - move target cursor, p - Ijyb Boing!
Ijyb zaps a wand.
The bolt of acid hits you!
You are splashed with acid!
Ijyb zaps a wand.
The bolt of acid misses you. Ijyb closely misses you.
You riposte.
You closely miss Ijyb.
Ijyb zaps a wand.
The bolt of acid hits you!
* * * LOW HITPOINT WARNING * * *
You are splashed with acid!
You die...

#.##........#####'#
#........##.....
##+##+##........##.....
#......###......##.....
#......# #......++.....
#.#......###....<.##.....
.........°........##.....
#.#......#####.##..####'#
##'##.@................
......'.g................
#.##.##.............. ..#
# # #...........#.. #
#.##....#....#.# . #
#.##....+......# #
#.##....# .... ......
.##.##.#### .... ......
.##.##. ......#


You could see Ijyb.

Vanquished Creatures
  5 adders
  An ooze (D:3)
  A worm (D:2)
  2 dart slugs
  5 orcs (D:3)
  4 bats
  4 giant cockroaches
  6 goblins
  9 hobgoblins
  2 quokkas (D:3)
  A ball python (D:3)
  6 frilled lizards
  5 kobolds
  7 rats
58 creatures vanquished.

Notes
Turn   | Place    | Note
-------+----------+-------------------------------------------
     0 | D:1      | silenth the Barachi Fighter began the quest for the Orb.
     0 | D:1      | Reached XP level 1. HP: 18/18 MP: 1/1
   248 | D:1      | Reached XP level 2. HP: 25/25 MP: 2/2
   265 | D:1      | Reached skill level 3 in Long Blades
   588 | D:2      | Reached skill level 4 in Fighting
   588 | D:2      | Reached skill level 1 in Stealth
   588 | D:2      | Reached XP level 3. HP: 20/30 MP: 3/3
   947 | D:2      | Reached XP level 4. HP: 37/37 MP: 4/4
  1010 | D:2      | Reached skill level 4 in Long Blades
  1105 | D:2      | Found a faded altar of an unknown god.
  1122 | D:2      | Became a worshipper of Cheibriados the Contemplative
  1122 | D:2      | Reached * piety under Cheibriados
  1619 | D:3      | Reached ** piety under Cheibriados
  1628 | D:3      | Reached XP level 5. HP: 29/43 MP: 5/5
  1752 | D:3      | Found a burning altar of Makhleb.
  1781 | D:3      | Noticed Ijyb
  1785 | D:3      | Splashed by Ijyb's acid

Vault maps used:
D:1:      dpeg_arrival_arbitrary_c
D:2:      chequers_ecumenical_altar_twisty, first_ration
D:3:      bloody_makhleb, uniq_ijyb

Skill      XL: |  1  2  3  4 |
---------------+-------------+-----
Long Blades    | 3 4 |  4.4
Fighting       | 4 |  4.5
Stealth        | 1 |  1.9
Armour         | |  3.6
Shields        | |  3.2
Invocations    | |  0.6

Action                   |  1- 3 |  4- 6 || total
-------------------------+-------+-------++-------
Melee: Long sword        |    97 |    81 ||   178
 Fire: Hunting sling     |       |     5 ||     5
Invok: Bend Time         |       |     1 ||     1
 Abil: Hop               |     2 |     1 ||     3
  Eat: Chunk             |       |     3 ||     3
Armor: Scale mail        |    46 |    55 ||   101
Dodge: Dodged            |    35 |    30 ||    65
Block: Shield            |    66 |    52 ||   118
       Rpst.: Long sword |    11 |     8 ||    19

Table legend:
 A = Non-vault XP
 B = Vault XP
 C = Vault XP percentage of total XP
 D = Non-vault monster count
 E = Vault monster count
 F = Vault count percentage of total count
                 A         B        C        D         E       F
            +---------+---------+-------+---------+---------+-------
      Total |     168 |       0 |   0.0 |      58 |       0 |   0.0
            +---------+---------+-------+---------+---------+-------
        D:1 |      26 |       0 |   0.0 |      16 |       0 |   0.0
        D:2 |      71 |       0 |   0.0 |      20 |       0 |   0.0
        D:3 |      71 |       0 |   0.0 |      22 |       0 |   0.0
            +---------+---------+-------+---------+---------+-------
